 Dungeon Crawl Stone Soup version 0.21-a0-221-gfe971b9 (webtiles) character file.

98 potatolord6000 the Skirmisher (level 4, 0/41 HPs)
             Began as a Hill Orc Fighter on Aug 24, 2017.
             Slain by a worm (3 damage)
             ... on level 2 of the Dungeon.
             The game lasted 00:06:12 (1324 turns).

potatolord6000 the Skirmisher (Hill Orc Fighter)    Turns: 1324, Time: 00:06:13

Health: 0/41       AC:  9    Str: 19    XL:     4   Next: 69%
Magic:  4/4        EV:  5    Int:  8    God:
Gold:   102        SH:  9    Dex: 10    Spells: 3/3 levels left

rFire    . . .     SeeInvis .   a - +0 war axe
rCold    . . .     Gourm    .   c - +0 shield
rNeg     . . .     Faith    .   l - +0 chain mail
rPois    .         Spirit   .   (no helmet)
rElec    .         Reflect  .   (no cloak)
rCorr    .         Harm     .   (no gloves)
MR       .....                  (no boots)
Stlth    ..........             (no amulet)
HPRegen  0.13/turn              (no ring)
MPRegen  0.09/turn              (no ring)

@: slowed, very slow
A: no striking features
a: no special abilities


You were on level 2 of the Dungeon.
You were very full.

You visited 1 branch of the dungeon, and saw 2 of its levels.

You collected 102 gold pieces.

Inventory:

Hand Weapons
 a - a +0 war axe (weapon)
Armour
 c - a +0 shield (worn)
 l - a +0 chain mail (worn)
Scrolls
 b - 2 scrolls of identify {unknown}
 e - 2 scrolls of enchant weapon {unknown}
 i - a scroll of blinking {unknown}
 k - a scroll of remove curse {unknown}
 m - a scroll of teleportation {unknown}
 n - a scroll of enchant armour {unknown}
Potions
 d - 2 potions of might
 f - a potion of magic {unknown}
 g - a potion of heal wounds {unknown}
 j - a potion of lignification {unknown}
Comestibles
 h - 9 fruits
 o - a meat ration
 p - a royal jelly


   Skills:
 + Level 4.5 Fighting
 + Level 3.7 Axes
 + Level 4.1 Armour
 + Level 4.0 Shields


You had 3 spell levels left.
You didn't know any spells.

Dungeon Overview and Level Annotations

Branches:
Dungeon (2/15)

Altars:

Annotations:
D:2 Natasha


Message History

The magic dart hits you! Natasha claws you.
You miss Natasha. You slash the worm! You block Natasha's attack. x2
The worm bites you.
You miss Natasha. You hit the worm. Natasha claws you. x2
The worm bites you but does no damage.
You closely miss Natasha.
Your chain mail prevents you from hitting the worm.
Natasha stares at you and mumbles some strange words.
The magic dart hits you! You block the worm's attack. Natasha claws you.
The worm bites you!
Natasha zaps a wand.
The puff of flame hits you!
You miss Natasha.
Your chain mail prevents you from hitting the worm.
Natasha casts a spell at you.
You feel as though you will be slow longer.
The worm bites you but does no damage. Natasha claws you but does no damage.
You closely miss Natasha. You hit the worm but do no damage.
Natasha zaps a wand.
The puff of flame hits you!
* * * LOW HITPOINT WARNING * * *
The worm bites you.
You die...

.# ..# .......... .. ..#
.#.#..... #.##.#
#.#....###
..##.####..#.#.#.....
..........##.#).....
.................#
...........#...#.# .
.......#.....wh#
.....#......@#
#######..#.......#######
.......................#
##.....................#
#......######.##......#
######## #.........#
####......# ......#
#######


You could see a worm and Natasha.

Vanquished Creatures
  Natasha (twice) (D:2)
  An adder (D:2)
  A leopard gecko (D:2)
  4 giant cockroaches (D:2)
  4 goblins
  4 hobgoblins (D:1)
  3 jackals (D:1)
  2 kobolds (D:1)
  A quokka (D:2)
  7 bats
  5 frilled lizards
  5 rats
39 creatures vanquished.

Notes
Turn   | Place    | Note
-------+----------+-------------------------------------------
     0 | D:1      | potatolord6000 the Hill Orc Fighter began the quest for the Orb.
     0 | D:1      | Reached XP level 1. HP: 19/19 MP: 1/1
   158 | D:1      | Reached XP level 2. HP: 27/27 MP: 2/2
   995 | D:2      | Reached XP level 3. HP: 33/33 MP: 3/3
  1081 | D:2      | Noticed Natasha
  1088 | D:2      | Killed Natasha
  1088 | D:2      | Reached XP level 4. HP: 33/41 MP: 4/4
  1116 | D:2      | Noticed Natasha
  1124 | D:2      | Killed Natasha
  1311 | D:2      | Noticed Natasha
  1324 | D:2      | Slain by a worm

Vault maps used:
D:1:      minmay_arrival_diagonal_passages
D:2:      first_bread, uniq_robin, uniq_natasha

Skill      XL: |  1  2  3  4 |
---------------+-------------+-----
Axes           | 3 |  3.7
Fighting       | 4 |  4.5
Armour         | 4 |  4.1
Shields        | 4 |  4.0

Action                   |  1- 3 |  4- 6 || total
-------------------------+-------+-------++-------
Melee: War axe           |    90 |    33 ||   123
  Eat: Bread ration      |     2 |       ||     2
Armor: Scale mail        |    24 |       ||    24
       Chain mail        |    65 |    27 ||    92
Dodge: Dodged            |    39 |     5 ||    44
Block: Shield            |    79 |    17 ||    96

Table legend:
 A = Spawn XP
 B = Non-spawn XP
 C = Spawn XP percentage of total XP
 D = Spawn monster count
 E = Non-spawn monster count
 F = Spawn count percentage of total count
 G = Total turns spent on level
                    A         B        C        D         E        F      G
               +---------+---------+-------+---------+---------+-------+---------
         Total |       5 |     135 |   3.6 |       3 |      36 |   7.7 |  1324
               +---------+---------+-------+---------+---------+-------+---------
           D:1 |       1 |      32 |   3.0 |       1 |      20 |   4.8 |   991
           D:2 |       4 |     103 |   3.7 |       2 |      16 |  11.1 |   333
               +---------+---------+-------+---------+---------+-------+---------
